 Dungeon Crawl Stone Soup version 0.30-a0-58-gc0703345a7 (webtiles) character file.

Game seed: 6936546925928307962

26090 ytrimaz the Martial Artist (level 13, -1/116 HPs)
             Began as an Octopode Transmuter on Sept 11, 2022.
             Was a Believer of Ashenzari.
             Slain by a cane toad (19 damage)
             ... on level 2 of the Lair of Beasts.
             The game lasted 00:24:56 (18681 turns).

ytrimaz the Martial Artist (Octopode Transmuter)   Turns: 18681, Time: 00:24:56

Health: -1/116     AC: 11    Str:  9    XL:     13   Next: 23%
Magic:  2/27       EV: 18    Int: 26    God:    Ashenzari [**....]
Gold:   898        SH:  0    Dex: 13    Spells: 19/32 levels left

rFire   x . .      SeeInvis +      - Unarmed
rCold   + + +      Faith    .    (shield currently unavailable)
rNeg    . . .      Spirit   .    (helmet currently unavailable)
rPois   +          Reflect  .    u - amulet "Tethered With Me" {Acrobat, Alch, Cun} (curse)
rElec   .          Harm     .    f - ring of the Manifest Gloom {rPois, Self, Alch} (curse)
rCorr   .          Rampage  .    j - ring "Share My Affliction" {Int+6, Melee, Cun} (curse)
Will    .....                    D - ring "At What Cost Knowledge?" {EV+4, Elem, Bglg} (curse)
Stlth   +.........               (no ring)
HPRegen 0.29/turn                (no ring)
MPRegen 0.20/turn                (no ring)
                                 (no ring)
                                 (no ring)

@: ice-form
A: freezing attack, boosted hp, almost no armour, amphibious, 8 rings, large,
(camouflage 1), (gelatinous body 1), (nimble swimmer 1), (tentacles)
a: End Transformation, Renounce Religion, Curse Item, Shatter the Chains


You were on level 2 of the Lair of Beasts.
You worshipped Ashenzari.
Ashenzari was pleased with you.
You were a creature of crystalline ice.
You visited 3 branches of the dungeon, and saw 14 of its levels.
You also visited: Sewer and Bailey.

You collected 898 gold pieces.


Innate Abilities, Weirdness & Mutations

You are a creature of crystalline ice.
You have a powerful freezing melee attack.
Your maximum health is increased.
Your armour is entirely melded.
You are incapable of wielding weapons or throwing items.
You cannot wear most types of armour.
You are amphibious.
You can wear up to eight rings at the same time.
((Your skin changes colour to match your surroundings (Stealth+).))
((Your rubbery body absorbs attacks. (AC +1, EV +1)))
((You are camouflaged when in or above water. (Stealth+)))
((You have tentacles for arms and can constrict up to eight enemies at once.))


   Skills:
 - Level 10.8(12.0) Fighting
 + Level 8.8(10.7) Dodging
 - Level 11.1(12.3) Unarmed Combat
 - Level 9.1(10.3) Spellcasting
 - Level 9.1(11.0) Transmutations
 - Level 4.0(5.1) Ice Magic
 - Level 5.0(6.8) Poison Magic


You had 19 spell levels left.
You knew the following spells:

 Your Spells              Type           Power      Damage    Failure   Level
a - Olgreb's Toxic Radia  Pois           49%        N/A       2%          4
b - Wereblood             Tmut           63%        N/A       1%          2
c - Spider Form           Tmut/Pois      56%        N/A       1%          3
d - Ice Form              Ice/Tmut       53%        N/A       1%          4

Your spell library contained the following spells:

 Spells                   Type           Power      Damage    Failure   Level
 Beastly Appendage        Tmut           100%       N/A       1%          1
 Sting                    Tmut/Pois      100%       1d8       1%          1
 Poisonous Vapours        Pois/Air       62%        N/A       1%          2
 Call Canine Familiar     Summ           13%        N/A       13%         3
 Dazzling Flash           Conj/Hex       28%        N/A       13%         3
 Gell's Gravitas          Tloc           14%        N/A       13%         3
 Lesser Beckoning         Tloc           14%        N/A       13%         3
 Portal Projectile        Hex/Tloc       28%        N/A       13%         3
 Teleport Other           Tloc           14%        N/A       13%         3
 Corpse Rot               Necr/Pois/Air  25%        N/A       17%         4
 Airstrike                Air            7%         2d(1-17)  38%         4
 Iskenderun's Mystic Bla  Conj/Tloc      14%        2d5       38%         4
 Leda's Liquefaction      Hex/Erth       7%         N/A       38%         4
 Summon Lightning Spire   Summ/Air       13%        N/A       41%         4
 Iskenderun's Battlesphe  Conj           14%        2d7       75%         5
 Lightning Bolt           Conj/Air       7%         1d19      75%         5
 Iron Shot                Conj/Erth      7%         9d2       100%        6
 Starburst                Conj/Fire      7%         6d4       100%        6
 Spellforged Servitor     Conj/Summ      6%         N/A       100%        7

Inventory:

Missiles
 C - a throwing net
Armour
 v - the cursed +1 hat of the All-Knowing (melded) {Melee, Comp}
   (You found it on level 6 of the Dungeon)

   It has a curse which improves the following skills: Melee Combat: Short
   Blades, Long Blades, Axes, Maces & Flails, Polearms, Staves and Unarmed
   Combat.
   Companions: Summonings and Necromancy.
Jewellery
 f - the cursed ring of the Manifest Gloom (left front paw) {rPois, Self, Alch}
   (You found it on level 1 of the Dungeon)

   [ring of poison resistance]

   rPois:     It protects you from poison.
   It has a curse which improves the following skills: Introspection: Fighting
   and Spellcasting.
   Alchemy:   Poison Magic and Transmutations.
 j - the cursed ring "Share My Affliction" (right front paw) {Int+6, Melee, Cun}
   (You found it on level 3 of the Dungeon)

   [ring of intelligence]

   Int:       It affects your intelligence (+6).
   It has a curse which improves the following skills: Melee Combat: Short
   Blades, Long Blades, Axes, Maces & Flails, Polearms, Staves and Unarmed
   Combat.
   Cunning:   Dodging and Stealth.
 u - the cursed amulet "Tethered With Me" (around neck) {Acrobat, Alch, Cun}
   (You found it on level 6 of the Dungeon)

   [amulet of the acrobat]

   It increases your evasion while moving and waiting.
   It has a curse which improves the following skills: Alchemy: Poison Magic and
   Transmutations.
   Cunning:   Dodging and Stealth.
 D - the cursed ring "At What Cost Knowledge?" (on tentacle) {EV+4, Elem, Bglg}
   (You found it on level 10 of the Dungeon)

   [ring of evasion]

   EV:        It affects your evasion (+4).
   It has a curse which improves the following skills: Elements: Fire Magic, Ice
   Magic, Air Magic and Earth Magic.
   Beguiling: Conjurations, Hexes and Translocations.
Wands
 a - a wand of flame (37)
   (You took it off Sigmund on level 3 of the Dungeon)
 h - a wand of mindburst (16)
   (You found it on level 4 of the Dungeon)
 H - a wand of paralysis (5)
   (You found it on level 10 of the Dungeon)
Scrolls
 e - 4 scrolls of teleportation
 g - 4 scrolls of enchant weapon
 o - 3 scrolls of enchant armour
 r - a scroll of fear
 t - 2 scrolls of brand weapon
 x - 2 scrolls of magic mapping
 y - a scroll of blinking
 z - 3 scrolls of fog
 B - a scroll of amnesia
 F - a scroll of poison
 G - a scroll of summoning
Potions
 b - a potion of invisibility
 c - 3 potions of brilliance
 d - 9 potions of curing
 i - a potion of berserk rage
 k - 4 potions of attraction
 l - a potion of resistance
 m - 2 potions of lignification
 n - 3 potions of flight
 p - 4 potions of magic
 q - a potion of cancellation
 s - 2 potions of haste
 w - 2 potions of might
 A - a potion of heal wounds
 E - a potion of mutation

Dungeon Overview and Level Annotations

Branches:
Dungeon (11/15) Zot: 26743  Temple (1/1) D:5 Zot: 5741    Lair (2/5) D:10 Zot: 9973
  Snake (0/4) Lair:2        Sewer (visited)          Bailey (visited)
  Swamp: Lair:2-3    Shoals: Lair:2-3       Orc: D:9-12

Altars:
Ashenzari
Cheibriados
Dithmenos
Elyvilon
Fedhas
Gozag
Hepliaklqana
Kikubaaqudgha
Makhleb
Nemelex Xobeh
Okawaru
Qazlal
Ru
Sif Muna
Trog
Uskayaw
Vehumet
Wu Jian
Xom
Yredelemnul
Zin
The Shining One

Shops:
D:9 [

Annotations:
D:2 Natasha
D:4 3 runed translucent doors, jlumianski's ghost, amateur DsGl
D:5 3 runed translucent doors, Jeffwins's ghost, novice HuWn

##........####.!.... , ,
.................... ,
..#P...†#....#..FP.# ,. ,
.................. ..
.........#.###..# ... *
.........##.#P.#####....
.............F..F.......,
...##.P....P..##F#......
.............YSYYS......
,
.......#.....####..#.###
, ##..P.####...# #...., ,
, ##..## #..## *......
#P..####..## , .....
#...#.##...# * ,P.... ,,
##...####..# ....
##..#.#...# ###. , *
##P.#....## * , ,


You could see 2 death yaks, a cane toad, 2 water moccasins and a bullfrog.


Message History

The death yak misses you.
Unknown command.
The death yak attacks as you move away!
The death yak gores you. 😕 HP[-3] MP[+1]
You take 3 damage, and now have 110/116 hp.
Casting: Olgreb's Toxic Radiance (mildly dangerous; 2% risk of failure)
Confirm with . or Enter, or press ? or * to list all spells.
You don't have enough magic to cast this spell.
You pummel the death yak!! You freeze the death yak.
You kill the death yak!
The death yak gores you but does no damage.
You punch the death yak! You freeze the death yak.
You kill the death yak!
Your base Dodging skill increases to level 8! 😕 HP[+1] Unknown command.
The death yak closely misses you. The death yak misses you.
You punch the death yak! You freeze the death yak.
You kill the death yak!
The death yak gores you. The death yak gores you!! 😕 HP[-22]
You take 22 damage, and now have 89/116 hp.
You punch the death yak! You freeze the death yak.
The death yak gores you but does no damage.
Unknown command.
You hit the death yak. You freeze the death yak. The death yak gores you.
The death yak closely misses you.
The death yak gores you but does no damage. 😮 HP[-3] MP[+1]
You take 3 damage, and now have 86/116 hp.
Unknown command.
The death yak attacks as you move away! The death yak closely misses you.
The death yak attacks as you move away! The death yak gores you! 😮 HP[-7]
You take 7 damage, and now have 79/116 hp.
Casting: Olgreb's Toxic Radiance (mildly dangerous; 2% risk of failure)
Confirm with . or Enter, or press ? or * to list all spells.
You begin to radiate toxic energy.
The death yak looks even sicker. x3
The death yak looks as sick as possible!
The death yak closely misses you. The death yak gores you.
The death yak gores you!!
* * * LOW HITPOINT WARNING * * *
Unknown command. 😨 HP[-24] MP[-4]
You take 24 damage, and now have 55/116 hp.
MASSIVE DAMAGE!! (PAUSE)
You lost 4 mp, and now have 0/27 mp.
The death yak attacks as you move away! The death yak gores you!
* * * LOW HITPOINT WARNING * * *
The death yak looks as sick as possible! x2
The death yak completely misses you. 😨 HP[-16]
You take 16 damage, and now have 39/116 hp.
The death yak attacks as you move away! The death yak completely misses you.
A black mamba comes into view.
The death yak looks as sick as possible! x2
Your toxic aura wanes. 😨 HP[+1] Unknown command.
The black mamba hisses angrily.
A water moccasin comes into view. 😨 MP[+1]
A bullfrog comes into view.
The water moccasin hisses angrily.
The bullfrog croaks.
You kill the death yak!
A cane toad comes into view. 😨 HP[+1]
You pummel the fungus!!
The fungus begins to die.
You freeze the fungus! The black mamba closely misses you.
The death yak attacks as you move away! The death yak misses you.
The black mamba misses you.
The water moccasin completely misses you.
The water moccasin attacks as you move away!
The water moccasin completely misses you. 😨 MP[+1]
The black mamba attacks as you move away!
The black mamba completely misses you. 😨 HP[+1]
The black mamba misses you.
You pummel the black mamba!! You freeze the black mamba!
You hear an angry hiss.
The bullfrog misses you. The black mamba closely misses you.
A water moccasin comes into view.
The bullfrog closely misses you. The black mamba bites you!
* * * LOW HITPOINT WARNING * * *
😨 HP[-8]
You take 8 damage, and now have 34/116 hp.
You punch the black mamba!
The black mamba seems to slow down.
You freeze the black mamba.
You kill the black mamba!
Unknown command.
You pummel the cane toad!! You freeze the cane toad! The death yak gores you!
* * * LOW HITPOINT WARNING * * *
The cane toad stings you but does no damage. 😱 HP[-16]
You take 16 damage, and now have 18/116 hp.
Unknown command.
The death yak attacks as you move away! The death yak closely misses you.
The cane toad attacks as you move away! The cane toad stings you!!
You die...

Skill      XL: |  1  2  3  4  5  6  7  8  9 10 11 12 13 |
---------------+----------------------------------------+-----
Poison Magic   | 1 3 4 5 |  5.0
Ice Magic      | 1 2 4 |  4.0
Spellcasting   | 3 4 6 8 9 |  9.1
Transmutations | 3 4 6 9 |  9.1
Unarmed Combat | 10 11 | 11.1
Fighting       | 8 10 | 10.8
Dodging        | 6 8 |  8.8

Action                   |  1- 3 |  4- 6 |  7- 9 | 10-12 | 13-15 || total
-------------------------+-------+-------+-------+-------+-------++-------
Melee: Unarmed           |    80 |   154 |   173 |   244 |    38 ||   689
       Constrict         |    16 |     5 |     6 |       |       ||    27
       Tentacles         |    11 |     4 |     6 |       |       ||    21
       Punch             |     1 |     2 |     3 |       |       ||     6
       Kick              |     5 |       |       |       |       ||     5
 Cast: Beastly Appendage |     2 |       |       |       |       ||     2
       Spider Form       |     4 |    14 |     7 |       |       ||    25
       Wereblood         |     1 |       |       |     4 |       ||     5
       Olgreb's Toxic Ra |       |     2 |    40 |    83 |     8 ||   133
       Ice Form          |       |       |    26 |    47 |     7 ||    80
Invok: Curse Item        |       |       |     2 |     3 |       ||     5
  Use: Scroll            |     5 |     6 |     8 |     1 |       ||    20
       Potion            |     2 |     4 |     1 |     2 |       ||     9
 Stab: Sleeping          |     4 |     5 |     1 |       |       ||    10
       Distracted        |       |       |     1 |       |       ||     1
Armor: Skin              |    12 |    31 |    58 |    85 |    10 ||   196
Dodge: Dodged            |    62 |   114 |   119 |   274 |    57 ||   626

Levels and vault maps discovered:
D:1:      saegor_arrival_miasma, layout_basic, ebering_ecumenical_altar_hall
D:2:      layout_basic, minmay_statues_item, uniq_robin, uniq_natasha
D:3:      layout_basic, uniq_sigmund
D:4:      layout_basic, general_overflow_altar,
          mainiacjoe_overflow_tiny_flanked, ebering_ghost_rock_garden,
          amcnicky_mini_corridor_feature, uniq_pikel
D:5:      layout_loops_corners, temple_hall, gammafunk_ghost_split
D:6:      layout_basic, mainiacjoe_overflow_alcove_2, portal_sewer_entry_d
D:7:      layout_loops_cross, enter_bailey_7
D:8:      layout_loops_corners, nzn_wu_jian_contemplation,
          grunt_temple_overflow_diamond, uniq_erica, uniq_grum
D:9:      layout_basic, serial_shops, nicolae_diamond_shop
D:10:     layout_rooms, erik_lair_orcish_takeover,
          amcnicky_mini_rare_corridor_liquid, minmay_ruined_shrine
D:11:     layout_gridville, serial_shops, shop, serial_bayou_crossing
Temple:   regret_index_temple_generic_petals
Lair:1:   layout_hall_layers, roderic_batcave, chequers_serial_rivers_micro_d,
          hibernation_bobbens
Lair:2:   layout_long_grid, minmay_snake_entry_six_corridors,
          minmay_lindwurm_lava

Notes
Turn   | Place    | Note
-------+----------+-------------------------------------------
     0 | D:1      | ytrimaz the Octopode Transmuter began the quest for the
                  | Orb.
     0 | D:1      | Reached XP level 1. HP: 13/13 MP: 3/3
     0 | D:1      | magus.rc [v1.9.6]
   199 | D:1      | Reached skill level 1 in Poison Magic
   216 | D:1      | Reached XP level 2. HP: 17/18 MP: 5/5
   336 | D:1      | Reached skill level 2 in Poison Magic
   343 | D:1      | You pick up a book of Vapours and begin reading...
   343 | D:1      | You add the spells Poisonous Vapours and Corpse Rot to your
                  | library.
   445 | D:1      | Learned a level 2 spell: Wereblood
   671 | D:1      | Reached skill level 3 in Poison Magic
   892 | D:1      | Found a faded altar of an unknown god.
   985 | D:2      | Reached XP level 3. HP: 17/23 MP: 6/6
   989 | D:2      | Learned a level 3 spell: Spider Form
  1115 | D:2      | You pick up a book of Displacement and begin reading...
  1115 | D:2      | You add the spells Lesser Beckoning, Gell's Gravitas and
                  | Teleport Other to your library.
  1236 | D:2      | Noticed Natasha
  1251 | D:2      | Killed Natasha
  1252 | D:2      | Reached skill level 1 in Ice Magic
  1591 | D:2      | You add the spells Sting and Olgreb's Toxic Radiance to
                  | your library.
  1690 | D:2      | Noticed Robin
  1701 | D:2      | Reached XP level 4. HP: 21/28 MP: 2/7
  1725 | D:2      | Killed Robin
  1726 | D:2      | Reached skill level 4 in Poison Magic
  1793 | D:2      | Reached skill level 2 in Ice Magic
  1889 | D:2      | Noticed Natasha
  1897 | D:2      | Killed Natasha
  1898 | D:2      | Reached XP level 5. HP: 23/33 MP: 4/8
  2206 | D:2      | Reached skill level 3 in Ice Magic
  2376 | D:2      | Noticed Natasha
  3408 | D:3      | HP: 8/33 [something (2)]
  3410 | D:3      | Reached skill level 4 in Ice Magic
  3863 | D:3      | Noticed Sigmund
  3880 | D:3      | Killed Sigmund
  3881 | D:3      | Reached skill level 3 in Spellcasting
  3881 | D:3      | Reached skill level 3 in Transmutations
  3881 | D:3      | Reached XP level 6. HP: 27/38 MP: 8/10
  4188 | D:3      | Learned a level 4 spell: Olgreb's Toxic Radiance
  4215 | D:4      | Identified the ring "Duntotoa" {rPois rN+ Will+ Dex+4
                  | Slay-3}
  4403 | D:4      | You pick up a book of Storms and begin reading...
  4403 | D:4      | You add the spells Airstrike, Summon Lightning Spire and
                  | Lightning Bolt to your library.
  4528 | D:4      | Found a shadowy altar of Dithmenos.
  4548 | D:4      | Noticed Pikel
  4571 | D:4      | HP: 1/38 [Pikel/+2 whip of electrocution (15)]
  4579 | D:4      | Killed Pikel
  4580 | D:4      | Reached skill level 4 in Spellcasting
  4580 | D:4      | Reached skill level 4 in Transmutations
  4580 | D:4      | Reached skill level 5 in Poison Magic
  4580 | D:4      | Reached XP level 7. HP: 3/43 MP: 2/13
  4580 | D:4      | Reached XP level 8. HP: 4/48 MP: 2/14
  4786 | D:4      | Learned a level 4 spell: Ice Form
  5340 | D:4      | Found a runed translucent gate.
  5340 | D:4      | Found a runed translucent gate.
  5340 | D:4      | Found a runed translucent gate.
  5402 | D:4      | Noticed jlumianski's ghost (amateur DsGl)
  5908 | D:4      | Found an ancient bone altar of Kikubaaqudgha.
  6048 | D:5      | Entered Level 5 of the Dungeon
  6325 | D:5      | Noticed Jeffwins's ghost (novice HuWn)
  6330 | D:5      | Found a runed translucent gate.
  6330 | D:5      | Found a runed translucent gate.
  6372 | D:5      | Found a runed translucent gate.
  6427 | D:5      | Reached skill level 5 in Spellcasting
  6427 | D:5      | Reached skill level 5 in Transmutations
  6531 | D:5      | Found a staircase to the Ecumenical Temple.
  6541 | Temple   | Entered the Ecumenical Temple
  6773 | Temple   | Became a worshipper of Ashenzari the Shackled
  7716 | D:6      | Found a glowing drain.
  7730 | Sewer    | Entered a sewer
  8294 | D:6      | Reached skill level 6 in Transmutations
  8524 | D:6      | Reached * piety under Ashenzari
  8596 | D:6      | Reached skill level 6 in Spellcasting
  8695 | D:6      | Noticed a yak
  8695 | D:6      | Noticed a yak
  8702 | D:6      | Noticed a yak
  8707 | D:6      | Killed a yak
  8708 | D:6      | Reached XP level 9. HP: 53/53 MP: 4/20
  8711 | D:6      | Reached skill level 7 in Transmutations
  8820 | D:6      | Found a hazy altar of Hepliaklqana.
  8942 | D:6      | Reached skill level 7 in Spellcasting
  9742 | D:7      | Found a flagged portal.
  9753 | Bailey   | Entered a bailey
  9779 | Bailey   | Noticed an orc warlord
  9779 | Bailey   | Identified a potion of experience
  9996 | Bailey   | Reached skill level 8 in Transmutations
 10128 | Bailey   | Found a runed translucent gate.
 10131 | Bailey   | Found a runed translucent gate.
 10132 | Bailey   | Found a runed translucent gate.
 10788 | Bailey   | Killed an orc warlord
 10789 | Bailey   | Reached skill level 8 in Spellcasting
 10789 | Bailey   | Reached skill level 9 in Transmutations
 10789 | Bailey   | Reached XP level 10. HP: 59/59 MP: 11/23
 11175 | D:7      | Reached skill level 9 in Spellcasting
 11337 | D:7      | Reached skill level 10 in Unarmed Combat
 11337 | D:7      | Reached XP level 11. HP: 64/64 MP: 25/25
 11499 | D:7      | Identified the cursed +1 hat of the All-Knowing {Melee,
                  | Comp} (You found it on level 6 of the Dungeon)
 11695 | D:7      | You pick up a book of Spectacle and begin reading...
 11695 | D:7      | You add the spells Dazzling Flash, Iskenderun's Mystic
                  | Blast and Starburst to your library.
 11727 | D:7      | Reached skill level 2 in Fighting
 12069 | D:8      | You pick up a book of Power and begin reading...
 12069 | D:8      | You add the spells Iskenderun's Battlesphere, Iron Shot and
                  | Spellforged Servitor to your library.
 12216 | D:8      | Noticed Erica
 12227 | D:8      | Killed Erica
 12228 | D:8      | Reached skill level 3 in Fighting
 12228 | D:8      | Reached skill level 11 in Unarmed Combat
 12344 | D:8      | Noticed Grum
 12352 | D:8      | Killed Grum
 12622 | D:8      | You pick up a book of the Hunter and begin reading...
 12622 | D:8      | You add the spells Call Canine Familiar, Portal Projectile
                  | and Leda's Liquefaction to your library.
 12931 | D:8      | Reached skill level 4 in Fighting
 13027 | D:8      | Found an ornate altar of the Wu Jian Council.
 13462 | D:8      | Found a bloodstained altar of Trog.
 13465 | D:8      | Found a glowing golden altar of the Shining One.
 13470 | D:8      | Found a shimmering altar of Xom.
 13829 | D:9      | Reached skill level 5 in Fighting
 14136 | D:9      | Reached ** piety under Ashenzari
 14231 | D:9      | Reached skill level 6 in Fighting
 14710 | D:9      | Reached skill level 7 in Fighting
 15006 | D:9      | Found Igeo's Antique Armour Emporium.
 15427 | D:10     | Entered Level 10 of the Dungeon
 15486 | D:10     | Noticed a two-headed ogre
 15500 | D:10     | Killed a two-headed ogre
 15501 | D:10     | Reached skill level 8 in Fighting
 15501 | D:10     | Reached XP level 12. HP: 85/85 MP: 2/26
 15533 | D:10     | Found a shimmering blue altar of Sif Muna.
 15693 | D:10     | Found a staircase to the Lair.
 15702 | D:10     | HP: 21/104 [warg (12)]
 16130 | D:10     | Reached skill level 9 in Fighting
 16626 | Lair:1   | Entered Level 1 of the Lair of Beasts
 16639 | Lair:1   | Reached skill level 3 in Dodging
 16648 | Lair:1   | Noticed an eight-headed hydra
 16924 | Lair:1   | Noticed a six-headed hydra
 16934 | Lair:1   | Killed a six-headed hydra
 16935 | Lair:1   | Reached skill level 10 in Fighting
 16950 | Lair:1   | Reached skill level 4 in Dodging
 17134 | Lair:1   | Killed an eight-headed hydra
 17441 | Lair:1   | Reached skill level 5 in Dodging
 17456 | Lair:1   | Reached skill level 6 in Dodging
 17759 | Lair:1   | Noticed a boulder beetle
 17767 | Lair:1   | Killed a boulder beetle
 17878 | Lair:1   | Reached XP level 13. HP: 97/97 MP: 23/27
 18292 | Lair:2   | Reached skill level 7 in Dodging
 18358 | Lair:2   | Found a staircase to the Snake Pit.
 18662 | Lair:2   | Reached skill level 8 in Dodging
 18680 | Lair:2   | HP: 18/116 [death yak (17)]
 18681 | Lair:2   | Slain by a cane toad

Vanquished Creatures
  An orc warlord (Bailey)
  2 hydras (Lair:1)
  A boulder beetle (Lair:1)
  Erica (D:8)
  A two-headed ogre (D:10)
  4 death yaks (Lair:2)
  Pikel (D:4)
  A manticore (D:11)
  4 black mambas
  A cane toad (Lair:1)
  A komodo dragon (Lair:1)
  A troll (D:10)
  2 slime creatures (D:10)
  2 hornets
  Sigmund (D:3)
  2 shadows (D:10)
  4 wyverns
  24 yaks
  A basilisk (Lair:1)
  2 steam dragons
  2 wargs (D:10)
  7 vampire mosquitoes (D:10)
  Grum (D:8)
  6 water moccasins
  An acid dragon (D:8)
  5 orc warriors
  A sky beast (D:7)
  2 ogres
  4 black bears
  2 ice beasts
  7 wolves
  4 centaurs
  A lemure (D:4)
  12 bullfrogs
  4 kobold brigands
  A gnoll sergeant (D:7)
  3 scorpions
  11 wights
  13 killer bees
  A howler monkey (D:6)
  3 hounds
  A jelly (D:8)
  4 orc priests
  3 iguanas
  Natasha (twice) (D:2)
  9 orc wizards
  Robin (D:2)
  14 gnolls
  12 adders
  A shadow imp (D:6)
  A white imp (D:8)
  6 worms
  A dart slug (D:4)
  29 orcs
  8 endoplasms
  16 goblins
  9 hobgoblins
  10 jackals
  4 quokkas
  15 ball pythons
  10 bats
  7 frilled lizards
  31 kobolds
  39 rats
381 creatures vanquished.

Vanquished Creatures (others)
  16 fungi
  13 plants
29 creatures vanquished.

Grand Total: 410 creatures vanquished

Table legend:
 A = Non-vault XP
 B = Vault XP
 C = Vault XP percentage of total XP
 D = Non-vault monster count
 E = Vault monster count
 F = Vault count percentage of total count
                 A         B        C        D         E       F
            +---------+---------+-------+---------+---------+-------
      Total |   21998 |    9704 |  30.6 |     241 |     139 |  36.6
            +---------+---------+-------+---------+---------+-------
        D:1 |      33 |       0 |   0.0 |      18 |       0 |   0.0
        D:2 |      93 |      74 |  44.3 |      24 |      14 |  36.8
        D:3 |     101 |     239 |  70.3 |      15 |       1 |   6.2
        D:4 |      62 |     651 |  91.3 |      14 |       1 |   6.7
        D:5 |     367 |       0 |   0.0 |      13 |       0 |   0.0
        D:6 |    1340 |      13 |   1.0 |      17 |       1 |   5.6
        D:7 |    1321 |      44 |   3.2 |      17 |       4 |  19.0
        D:8 |    1514 |    1245 |  45.1 |      24 |       4 |  14.3
        D:9 |    2924 |       0 |   0.0 |      38 |       0 |   0.0
       D:10 |    1594 |    2941 |  64.9 |      14 |      19 |  57.6
       D:11 |     572 |       0 |   0.0 |       1 |       0 |   0.0
     Lair:1 |    8502 |     876 |   9.3 |      39 |       8 |  17.0
     Lair:2 |    3575 |    1668 |  31.8 |       7 |       5 |  41.7
      Sewer |       0 |     291 | 100.0 |       0 |      55 | 100.0
     Bailey |       0 |    1662 | 100.0 |       0 |      27 | 100.0
            +---------+---------+-------+---------+---------+-------

Illustrated notes

Table legend:
 A = Kills in this place as a percentage of kills in entire the game.
 B = Kills by you in this place as a percentage of kills by you in the entire game.
 C = Kills by friends in this place as a percentage of kills by friends in the entire game.
 D = Other kills in this place as a percentage of other kills in the entire game.
 E = Experience gained in this place as a percentage of experience gained in the entire game.
 F = Experience gained in this place divided by the number of levels of this place that you have seen.
                   A       B       C       D       E      F
               +-------+-------+-------+-------+-------+----------------------
         Total | 100.0 | 100.0 |   N/A |   N/A | 100.0 | 1981.4
       Dungeon |  62.9 |  62.9 |   N/A |   N/A |  47.7 | 1375.3
          Lair |  15.5 |  15.5 |   N/A |   N/A |  46.1 | 7310.5
         Sewer |  14.5 |  14.5 |   N/A |   N/A |   0.9 | 291.0
        Bailey |   7.1 |   7.1 |   N/A |   N/A |   5.2 | 1662.0
               +-------+-------+-------+-------+-------+----------------------

Table legend: (Time is in decaauts)
 A = Elapsed time spent in this place.
 B = Non-inter-level travel time spent in this place.
 C = Inter-level travel time spent in this place.
 D = Time resting spent in this place.
 E = Time spent auto-exploring this place.
 F = Levels seen in this place.
 G = Mean time per level.
                   A        B        C        D        E       F      G
               +--------+--------+--------+--------+--------+-----+--------+
         Total |  18578 |  18139 |    439 |   1011 |  14643 |  16 | 1161.1 |
       Dungeon |  14704 |  14345 |    359 |    562 |  12017 |  11 | 1336.7 |
        Temple |    258 |    207 |     51 |      0 |    200 |   1 |  258.0 |
          Lair |   2027 |   1998 |     29 |     77 |   1611 |   2 | 1013.5 |
         Sewer |    440 |    440 |      0 |      0 |    275 |   1 |  440.0 |
        Bailey |   1147 |   1147 |      0 |    372 |    540 |   1 | 1147.0 |
               +--------+--------+--------+--------+--------+-----+--------+

Top non-repeatable levels by time:
     D:8: 1888 daAuts
     D:4: 1853 daAuts
     D:2: 1666 daAuts
     D:9: 1630 daAuts
  Lair:1: 1583 daAuts
     D:6: 1529 daAuts
     D:3: 1525 daAuts
     D:5: 1330 daAuts
  Bailey: 1147 daAuts
     D:7: 1118 daAuts
    D:10: 1081 daAuts
     D:1: 973 daAuts
  Lair:2: 444 daAuts
   Sewer: 440 daAuts
  Temple: 258 daAuts
